 Dungeon Crawl Stone Soup version 0.28-a0-687-gb91baff9cc (webtiles) character file.

Game seed: 16753624944470208165

6890 mordus the Basher (level 11, -5/75 HPs)
             Began as a Formicid Fighter on Oct 18, 2021.
             Was a Believer of the Shining One.
             Slain by a troll (10 damage)
             ... on level 11 of the Dungeon on Oct 19, 2021.
             The game lasted 00:24:37 (14446 turns).

mordus the Basher (Formicid Fighter)               Turns: 14446, Time: 00:24:38

Health: -5/75      AC: 27    Str: 23    XL:     11   Next: 27%
Magic:  11/11      EV:  8    Int:  9    God:    the Shining One [**....]
Gold:   468        SH:  7    Dex: 16    Spells: 10/10 levels left

rFire   + . .      SeeInvis +   v - +0 mace (protect)
rCold   . . .      Faith    .   c - +0 buckler
rNeg    + . .      Spirit   .   k - +2 chain mail {rPois}
rPois   +          Reflect  .   (helmet unavailable)
rElec   .          Harm     .   l - +2 cloak
rCorr   .          Rampage  .   o - +1 pair of gloves
Will    +....                   i - +0 pair of boots
Stlth   ..........              (no amulet)
HPRegen 0.22/turn               s - ring of protection from fire
MPRegen 0.12/turn               z - ring of Fatigue {Dex+6 Slay+5 Stlth-}

@: under a protective aura, glowing
A: permanent stasis, dig shafts and tunnels, antennae 3, four strong arms
a: Dig, Shaft Self, Renounce Religion, Divine Shield


You were on level 11 of the Dungeon.
You worshipped the Shining One.
The Shining One was pleased with you.
You visited 2 branches of the dungeon, and saw 13 of its levels.
You also visited: Sewer.

You collected 653 gold pieces.
You spent 185 gold pieces at shops.

Inventory:

Hand Weapons
 a - a +1 flail
 b - a +0 dire flail
 v - a +0 mace of protection (weapon)
 w - the +4 hunting sling "Oschud" {flame, rC+++}
   (You found it on level 6 of the Dungeon)

   Any ammunition fired from it burns those it strikes, dealing additional fire
   damage.
   rC:        It renders you almost immune to cold.
Armour
 c - a +0 buckler (worn)
 i - a +0 pair of boots (worn)
 k - a +2 chain mail of poison resistance (worn)
 l - a +2 cloak (worn)
 o - a +1 pair of gloves (worn)
Jewellery
 j - a ring of flight
 s - a ring of protection from fire (left hand)
 z - the ring of Fatigue (right hand) {Dex+6 Slay+5 Stlth-}
   (You found it on level 7 of the Dungeon)

   [ring of dexterity]

   Dex:       It affects your dexterity (+6).
   Slay:      It affects your accuracy & damage with ranged weapons and melee
   (+5).
   Stlth:     It makes you less stealthy.
Wands
 q - a wand of paralysis (16)
 A - a wand of polymorph (6)
 B - a wand of mindburst (8)
Scrolls
 e - 2 scrolls of magic mapping
 h - 5 scrolls of identify
 p - a scroll of holy word
 u - 4 scrolls of fog
 x - a scroll of amnesia
 y - a scroll of enchant weapon
Potions
 d - a potion of might
 f - 4 potions of attraction {unknown}
 g - 3 potions of curing
 m - a potion of lignification {unknown}
 n - a potion of cancellation {unknown}
 r - 2 potions of haste {unknown}
 t - 4 potions of flight
Miscellaneous
 D - a lightning rod (4/4)


   Skills:
 - Level 3.2 Fighting
 * Level 11.9 Maces & Flails
 + Level 9.7 Armour
 + Level 10.6 Shields


You had 10 spell levels left.
You didn't know any spells.
Your spell library contained the following spells:

 Spells                   Type           Power      Damage    Failure   Level
 Animate Skeleton         Necr           0%         N/A       93%         1
 Pain                     Necr           0%         1d4       93%         1
 Static Discharge         Conj/Air       0%         N/A       98%         2
 Call Canine Familiar     Summ           0%         N/A       100%        3
 Ignite Poison            Fire/Tmut/Pois 0%         N/A       100%        3
 Inner Flame              Hex/Fire       0%         N/A       100%        3
 Lesser Beckoning         Tloc           0%         N/A       100%        3
 Mephitic Cloud           Conj/Pois/Air  0%         N/A       100%        3
 Portal Projectile        Hex/Tloc       0%         N/A       100%        3
 Vampiric Draining        Necr           0%         2d6       100%        3
 Cause Fear               Hex            0%         N/A       100%        4
 Dispel Undead            Necr           0%         3d6       100%        4
 Leda's Liquefaction      Hex/Erth       0%         N/A       100%        4
 Sticky Flame             Conj/Fire      0%         2d3       100%        4
 Freezing Cloud           Conj/Ice/Air   0%         6-21      100%        5
 Manifold Assault         Tloc           0%         N/A       100%        5
 Storm Form               Tmut/Air       0%         N/A       100%        7
 Discord                  Hex            0%         N/A       100%        8
 Blink                    Tloc           Unusable   N/A       N/A         2

Dungeon Overview and Level Annotations

Branches:
Dungeon (12/15)            Temple (1/1) D:4            Lair (0/6) D:8
    Orc (0/2) D:10          Sewer (visited)

Altars:
Ashenzari
Cheibriados
Dithmenos
Elyvilon
Fedhas
Gozag
Hepliaklqana
Kikubaaqudgha
Makhleb
Nemelex Xobeh
Okawaru
Qazlal
Ru
Sif Muna
Trog
Uskayaw
Vehumet
Wu Jian
Xom
Yredelemnul
Zin
The Shining One

Shops:
D:5 *   D:6 (   D:7 :

Annotations:
D:3 exclusion: statue


Innate Abilities, Weirdness & Mutations

You cannot be hasted, slowed, berserked, paralysed or teleported.
You can dig through walls and to a lower floor.
You have a pair of large antennae on your head. (SInv)
Your four strong arms can wield two-handed weapons with a shield.


Message History

You dig through the rock wall.
The howler monkey hoots and howls with incredible vigour!
You retract your mandibles.
The howler monkey hoots and howls with incredible vigour!
You hear a shout! x4
The howler monkey hoots and howls with incredible vigour!
The troll barely misses you. You block the troll's attack.
The troll closely misses you.
You hear a shout!
The howler monkey hoots and howls with incredible vigour!
The howler monkey hoots and howls with incredible vigour!
You hear a shout! x2
Found a stone staircase leading up.
The howler monkey hoots and howls with incredible vigour!
You hear a shout!
You extend your mandibles.
You dig through the rock wall.
The howler monkey hoots and howls with incredible vigour!
You dig through the rock wall.
You dig through the rock wall.
You dig through the rock wall.
The howler monkey hoots and howls with incredible vigour!
You hear a shout!
You retract your mandibles.
The howler monkey hoots and howls with incredible vigour!
There is a stone staircase leading up here.
You block the troll's attack. The troll barely misses you.
You block the troll's attack.
You climb upwards.
There is a stone staircase leading down here.
You thump the troll!
Your weapon exudes an aura of protection.
The troll is moderately wounded.
The troll bites you but does no damage. The troll claws you but does no damage.
The troll claws you!
* * * LOW HITPOINT WARNING * * *
You hit the troll but do no damage.
The troll is lightly wounded.
The troll bites you!
You die...

######
.######....#
...........#
#@...#
#...T..#
#.....##
#.....#
#.....#
###+#.# ..
#..


You could see a troll.

Vanquished Creatures
  A cyclops (D:9)
  A komodo dragon (D:7)
  A troll (D:9)
  12 yaks
  An acid dragon (D:9)
  A water moccasin (D:8)
  3 orc warriors
  2 hornet zombies
  2 sky beasts
  5 black bears
  3 necrophages
  3 ogres
  3 centaurs
  A phantom (D:6)
  A kobold brigand (D:9)
  4 bullfrogs
  5 scorpions
  2 wyvern zombies
  A wyvern skeleton (D:5)
  A wight (D:5)
  4 howler monkeys (D:9)
  3 centaur zombies
  3 jellies
  A hound (D:5)
  2 bullfrog skeletons
  6 orc priests
  A human zombie (D:5)
  An iron imp (D:4)
  10 orc wizards
  3 iguanas
  A scorpion zombie (D:5)
  2 hound zombies (D:5)
  A hound skeleton (D:5)
  3 mummies (D:5)
  A gnoll (D:1)
  8 adders
  A howler monkey skeleton (D:6)
  A white imp (D:7)
  2 ufetubi (D:7)
  An adder skeleton (D:3)
  6 worms
  26 orcs
  7 endoplasms
  3 giant cockroaches
  4 goblins
  2 hobgoblins
  10 jackals
  4 quokkas
  9 ball pythons
  8 bats (Sewer)
  10 frilled lizards
  14 kobolds
  3 rats
214 creatures vanquished.

Notes
Turn   | Place    | Note
-------+----------+-------------------------------------------
     0 | D:1      | mordus the Formicid Fighter began the quest for the Orb.
     0 | D:1      | Reached XP level 1. HP: 18/18 MP: 1/1
    92 | D:1      | Found a faded altar of an unknown god.
   589 | D:1      | Reached XP level 2. HP: 24/24 MP: 2/2
   964 | D:1      | Reached XP level 3. HP: 23/29 MP: 3/3
  1057 | D:1      | Reached skill level 3 in Maces & Flails
  1506 | D:2      | Found a radiant altar of Vehumet.
  1543 | D:2      | Reached XP level 4. HP: 27/35 MP: 4/4
  2469 | D:3      | Found a radiant altar of Vehumet.
  2469 | D:3      | Noticed a charred statue
  2754 | D:4      | Found a snail-covered altar of Cheibriados.
  2761 | D:4      | Reached XP level 5. HP: 41/41 MP: 5/5
  2769 | D:4      | Found a shadowy altar of Dithmenos.
  2769 | D:4      | Found a sparkling altar of Nemelex Xobeh.
  2771 | D:4      | Found a broken altar of Ashenzari.
  2855 | D:4      | Found a glowing drain.
  2886 | D:4      | Reached skill level 4 in Maces & Flails
  3029 | Sewer    | Entered a sewer
  4263 | D:4      | Reached XP level 6. HP: 14/47 MP: 6/6
  4652 | D:4      | Found a staircase to the Ecumenical Temple.
  4742 | D:4      | Reached skill level 5 in Shields
  5105 | D:5      | Entered Level 5 of the Dungeon
  5107 | D:5      | Found Daizu's General Store.
  5115 | D:5      | Reached skill level 5 in Maces & Flails
  5115 | D:5      | Reached XP level 7. HP: 36/52 MP: 7/7
  5228 | D:5      | Bought a +2 chain mail of poison resistance for 185 gold
                  | pieces
  5321 | D:5      | Reached skill level 5 in Armour
  5552 | D:5      | Reached skill level 6 in Maces & Flails
  5559 | D:5      | Reached XP level 8. HP: 16/58 MP: 8/8
  5996 | D:5      | Found a glowing golden altar of the Shining One.
  6634 | D:5      | Reached skill level 7 in Maces & Flails
  7239 | D:5      | Reached XP level 9. HP: 61/64 MP: 9/9
  7247 | D:5      | Found an ancient bone altar of Kikubaaqudgha.
  7393 | D:5      | Reached skill level 8 in Maces & Flails
  7667 | Temple   | Entered the Ecumenical Temple
  7890 | D:5      | Became a worshipper of the Shining One
  8229 | D:6      | Found Waefono's Antique Weapon Shoppe.
  8322 | D:6      | HP: 2/64 [orc priest/divine providence (11)]
  8826 | D:5      | Reached skill level 9 in Maces & Flails
  9021 | D:6      | Identified the +4 hunting sling "Oschud" {flame, rC+++}
 10054 | D:7      | Reached XP level 10. HP: 68/70 MP: 10/10
 10453 | D:7      | Found Wosheog's Self-Improvement Boutique.
 10465 | D:7      | Reached * piety under the Shining One
 10694 | D:7      | Noticed a komodo dragon
 11409 | D:7      | Identified the ring of Fatigue {Dex+6 Slay+5 Stlth-}
 11596 | D:7      | Killed a komodo dragon
 11597 | D:7      | Reached skill level 10 in Maces & Flails
 12394 | D:8      | Found a staircase to the Lair.
 12782 | D:9      | Reached skill level 11 in Maces & Flails
 12805 | D:9      | Reached skill level 10 in Shields
 12826 | D:9      | HP: 2/70 [yak (9)]
 12829 | D:9      | Reached XP level 11. HP: 3/75 MP: 11/11
 12835 | D:9      | HP: 2/75 [yak (7)]
 13281 | D:9      | Noticed a cyclops
 13284 | D:9      | Reached ** piety under the Shining One
 13335 | D:9      | Killed a cyclops
 14298 | D:10     | Entered Level 10 of the Dungeon
 14367 | D:10     | Found a staircase to the Orcish Mines.
 14372 | D:10     | You fall into a shaft and drop 2 floors!
 14373 | D:12     | Upgraded the game from 0.28-a0-683-ga8797d1ae1 to
                  | 0.28-a0-687-gb91baff9cc
 14446 | D:11     | Slain by a troll

Illustrated notes

Levels and vault maps discovered:
D:1:      minmay_arrival_up_and_down, layout_loops_ring, basic_ecumenical_altar
D:2:      layout_basic, basic_altar
D:3:      layout_loops_ring, vehumet_statue, amcnicky_mini_corridor_feature
D:4:      layout_loops_cross, chequers_temple_overflow_statue_of_worship,
          slow_altar_2, minmay_temple_entry_glassed_door, gup_sewer_entry_glass
D:5:      layout_layer_cave, lemuel_mausoleum_altar_kikubaaqudgha,
          mainiacjoe_overflow_brackets, serial_shops, shop
D:6:      lemuel_ice_spiral_2, layout_basic, serial_rivers,
          chequers_serial_rivers_marsh, chequers_serial_rivers_small_a,
          chequers_serial_rivers_micro_b, chequers_serial_rivers_micro_a,
          chequers_serial_rivers_micro_d, chequers_serial_rivers_small_a,
          serial_shops, nicolae_inconvenience_store
D:7:      layout_loops_corners, nicolae_shop_self_help
D:8:      layout_basic, lair_entry_dummy
D:9:      layout_roguey, kennysheep_decorative_pillar
D:10:     argonaut_augean_stables, layout_irregular_city, david_orc_2
D:11:     minmay_the_grid_square_5x5_3x3
          [minmay_the_grid_square_5x5_doubleslash,
          minmay_the_grid_square_5x5_hourglass, minmay_the_grid_square_5x5_plus,
          minmay_the_grid_square_5x5_spiral_small,
          minmay_the_grid_square_5x5_megaprize_checkered,
          minmay_the_grid_square_5x5_three_walls,
          minmay_the_grid_square_5x5_inner_i, minmay_the_grid_square_5x5_fat_x,
          minmay_the_grid_square_5x5_half_checkered], layout_basic,
          kennysheep_potato
D:12:     layout_long_grid, minivault_5
Temple:   regret_index_temple_waves

Skill      XL: |  1  2  3  4  5  6  7  8  9 10 |
---------------+-------------------------------+-----
Shields        | 4 5 6 7 8 10 | 10.6
Maces & Flails | 3 4 5 6 7 9 11 | 11.9
Armour         | 4 5 6 7 9 |  9.7
Fighting       | |  3.2

Action                   |  1- 3 |  4- 6 |  7- 9 | 10-12 || total
-------------------------+-------+-------+-------+-------++-------
Melee: Flail             |   103 |   217 |   365 |       ||   685
       Mace              |       |       |    14 |   355 ||   369
 Abil: Dig               |       |    11 |     3 |     6 ||    20
       Shaft Self        |       |       |       |     1 ||     1
  Use: Scroll            |       |    11 |       |     2 ||    13
       Potion            |       |     2 |     1 |     3 ||     6
Armor: Scale mail        |    54 |   111 |     1 |       ||   166
       Chain mail        |       |       |   223 |   147 ||   370
Dodge: Dodged            |    55 |   103 |   148 |    91 ||   397
Block: Buckler           |    28 |    47 |    86 |    95 ||   256

Table legend: (Time is in decaauts)
 A = Elapsed time spent in this place.
 B = Non-inter-level travel time spent in this place.
 C = Inter-level travel time spent in this place.
 D = Time resting spent in this place.
 E = Time spent auto-exploring this place.
 F = Levels seen in this place.
 G = Mean time per level.
                   A        B        C        D        E       F      G
               +--------+--------+--------+--------+--------+-----+--------+
         Total |  14638 |  14211 |    427 |   4614 |   6627 |  14 | 1045.6 |
       Dungeon |  13193 |  12784 |    409 |   4307 |   6119 |  12 | 1099.4 |
        Temple |    183 |    166 |     17 |      0 |    144 |   1 |  183.0 |
         Sewer |   1261 |   1261 |      0 |    307 |    363 |   1 | 1261.0 |
               +--------+--------+--------+--------+--------+-----+--------+

Top non-repeatable levels by time:
     D:5: 3243 daAuts
     D:6: 1896 daAuts
     D:7: 1513 daAuts
     D:1: 1379 daAuts
     D:9: 1378 daAuts
     D:4: 1307 daAuts
   Sewer: 1261 daAuts
     D:8: 925 daAuts
     D:2: 755 daAuts
     D:3: 644 daAuts
  Temple: 183 daAuts
    D:10: 74 daAuts
    D:12: 74 daAuts
    D:11: 1 daAuts
